 Dungeon Crawl Stone Soup version 0.20.1-1-g8b1a95d (webtiles) character file.

2977 letownia2 the Thaumaturge (level 9, -1/73 (74) HPs)
             Began as a Deep Dwarf Necromancer on Nov 2, 2017.
             Was an Initiate of Gozag.
             Hit by a stone thrown by an orc warrior (10 damage)
             ... on level 8 of the Dungeon.
             The game lasted 00:22:29 (7289 turns).

letownia2 the Thaumaturge (Deep Dwarf Necromancer)  Turns: 7289, Time: 00:22:29

HP:   -1/73 (74)    AC:  6    Str: 14    XL:     9   Next: 53%
MP:   5/30          EV: 10    Int: 17    God:    Gozag
Gold: 929           SH:  0    Dex: 13    Spells: 21/25 levels left

rFire    . . .     SeeInvis +   a - +2 dagger (elec)
rCold    . . .     Gourm    +   (no shield)
rNeg     . . .     Faith    .   w - +0 scale mail
rPois    .         Spirit   .   (no helmet)
rElec    .         Reflect  .   (no cloak)
rCorr    .         Harm     .   (no gloves)
MR       +....                  (no boots)
Stlth    +.........             H - amulet of the gourmand
Regen    0.0/turn               I - ring of see invisible
MPRegen  0.3/turn               M - ring of magical power

@: non-regenerating
A: damage resistance, heal wounds, sense surroundings 2, no regeneration
a: Heal Wounds, Potion Petition, Call Merchant, Bribe Branch, Renounce Religion


You were on level 8 of the Dungeon.
You worshipped Gozag.
Gozag was pleased with you.
You were not hungry.

You visited 1 branch of the dungeon, and saw 8 of its levels.
You also visited: Sewer.

You collected 1781 gold pieces.
You spent 11 gold pieces at shops.
You paid 841 gold pieces to Gozag.

Inventory:

Hand Weapons
 a - a +2 dagger of electrocution (weapon)
 l - a +0 dagger of venom
 B - a -2 blowgun
 E - a +1 morningstar of protection
 G - a +0 war axe
Missiles
 n - 5 tomahawks of returning
 r - 47 sling bullets
 y - 81 poisoned needles
 C - 7 tomahawks
 T - a javelin (quivered)
Armour
 w - a +0 scale mail (worn)
Jewellery
 H - an amulet of the gourmand (around neck)
 I - a ring of see invisible (left hand)
 J - an uncursed ring of wizardry
 M - a ring of magical power (right hand)
Wands
 j - a wand of disintegration (8/24)
 k - a wand of acid (5/15)
 P - a wand of acid (5/15)
Scrolls
 d - 2 scrolls of magic mapping {unknown}
 e - 5 scrolls of remove curse
 f - 2 scrolls of enchant weapon {unknown}
 g - 8 scrolls of teleportation
 i - 4 scrolls of identify
 m - 4 scrolls of blinking
 q - 2 scrolls of enchant armour {unknown}
 s - 2 scrolls of random uselessness {unknown}
 u - 3 scrolls of fear {unknown}
 A - a scroll of amnesia {unknown}
 D - 2 scrolls of noise {unknown}
 F - 2 scrolls of immolation {unknown}
 Q - 2 scrolls of recharging {unknown}
Potions
 h - 3 potions of haste {unknown}
 o - 2 potions of brilliance
 p - 10 potions of curing {unknown}
 t - 6 potions of heal wounds
 v - 2 potions of agility
 x - a potion of berserk rage
 z - 3 potions of might
 L - 3 potions of ambrosia {unknown}
 O - 3 potions of lignification {unknown}
 R - a potion of magic {unknown}
Books
 b - a book of Necromancy

   Spells                             Type                      Level
   a - Pain                           Necromancy                   1
   b - Animate Skeleton               Necromancy                   1
   c - Vampiric Draining              Necromancy                   3
   d - Regeneration                   Charms/Necromancy            3
   e - Animate Dead                   Necromancy                   4
   f - Control Undead                 Necromancy                   4
 N - a book of Misfortune

   Spells                             Type                      Level
   a - Confusing Touch                Hexes                        1
   b - Confuse                        Hexes                        3
   c - Gell's Gravitas                Translocation                3
   d - Petrify                        Transmutation/Earth          4
   e - Metabolic Englaciation         Hexes/Ice                    5
   f - Yara's Violent Unravelling     Hexes/Transmutation          5
Comestibles
 c - 2 bread rations
 K - a meat ration


   Skills:
 - Level 2.6 Fighting
 - Level 3.1 Armour
 - Level 2.1 Dodging
 - Level 2.4 Stealth
 + Level 8.5 Spellcasting
 - Level 8.4 Necromancy
 - Level 5.0 Evocations


You had 21 spell levels left.
You knew the following spells:

 Your Spells              Type           Power        Failure   Level  Hunger
a - Pain                  Necr           ####         1%          1    None
v - Vampiric Draining     Necr           #####.....   3%          3    #......


Dungeon Overview and Level Annotations

Branches:
Dungeon (8/15)             Temple (0/1) D:4
   Lair: D:8-11

Altars:
Elyvilon
Gozag
Hepliaklqana
Nemelex Xobeh
Okawaru
Ru
Xom

Shops:
D:5 =   D:6 =:!%


Innate Abilities, Weirdness & Mutations

You are resistant to damage.
You can heal yourself by infusing magical energy.
You passively map the area around you.
You do not regenerate.


Message History

Press: ? - help, Shift-Dir - straight line, f - orc warrior
Aim: an orc warrior, wielding a trident and wearing a chain mail (lightly wounded)
The bolt of acid hits the orc warrior.
The orc warrior is splashed with acid.
The acid corrodes the orc warrior!
The orc warrior is severely wounded.
This wand has 5 charges left.
The orc warrior throws a stone.
The stone hits you!
* * * LOW HITPOINT WARNING * * *
Unknown command.
Evoke which item? (* to show all) (? for menu, Esc to quit)
Aiming: Corrosive Bolt (will waste charges)
Press: ? - help, Shift-Dir - straight line, f/p - orc warrior
Aim: an orc warrior, wielding a trident and wearing a chain mail (severely wounded, covered in acid)
The bolt of acid misses the orc warrior.
Evoking this partially-identified wand wasted a few charges.
Your skill with magical items lets you calculate the power of this device...
This wand has 5 charges left.
The orc warrior throws a stone.
The stone hits you!
You die...
Your body crumbles into a pile of gold.

########
#....o.#
#.####.#
########o#
#.#######
#...@....#
#........
#.########
##.######
, #####o#
# * *
#.(.).#
###
#(#####
#.. #.#
#.# * , *
#$# #.# *
#$# #.# ,*
,, ,, #.#
* #.#


You could see an orc warrior.

Vanquished Creatures
  A hippogriff (D:8)
  An orc warrior (D:7)
  A phantom (D:7)
  A necrophage (D:7)
  3 ogres
  7 big kobolds
  2 bullfrogs (D:7)
  2 scorpions
  4 wights (D:7)
  A howler monkey (D:6)
  2 crimson imps
  A centaur zombie (D:7)
  2 jellies
  4 hounds
  3 orc wizards
  4 orc priests
  A bullfrog skeleton (D:4)
  4 iguanas
  8 worker ants
  3 hound skeletons
  A mummy (D:5)
  10 gnolls
  19 adders
  2 river rats
  A shadow imp (D:5)
  6 oozes (Sewer)
  3 adder zombies
  7 worms
  2 dart slugs
  4 leopard geckos
  22 orcs
  9 ball pythons
  8 giant cockroaches
  8 goblins
  9 hobgoblins
  11 jackals
  A quokka (D:2)
  6 bats
  10 frilled lizards
  3 hobgoblin zombies (D:5)
  15 kobolds
  2 leopard gecko zombies
  An orc zombie (D:5)
  8 rats
  A fungus (D:5)
224 creatures vanquished.

Notes
Turn   | Place    | Note
-------+----------+-------------------------------------------
     0 | D:1      | letownia2 the Deep Dwarf Necromancer began the quest for the Orb.
     0 | D:1      | Reached XP level 1. HP: 15/15 MP: 3/3
   267 | D:2      | Reached XP level 2. HP: 10/22 MP: 0/5
   362 | D:2      | Found a white marble altar of Elyvilon.
   362 | D:2      | Found an opulent altar of Gozag.
   513 | D:2      | Became a worshipper of Gozag Ym Sagoz the Greedy
   694 | D:2      | Reached XP level 3. HP: 13/28 MP: 2/7
   978 | D:1      | Learned a level 3 spell: Vampiric Draining
  1188 | D:1      | Reached XP level 4. HP: 14/36 MP: 2/8
  1507 | D:2      | Reached skill level 1 in Armour
  1742 | D:3      | Reached skill level 5 in Necromancy
  2178 | D:3      | Reached XP level 5. HP: 20/42 MP: 3/9
  2509 | D:3      | Found an iron altar of Okawaru.
  2625 | D:3      | Reached XP level 6. HP: 30/49 MP: 2/11
  3135 | D:4      | Found a staircase to the Ecumenical Temple.
  3169 | D:4      | Found a shimmering altar of Xom.
  3356 | D:4      | Reached skill level 1 in Fighting
  3356 | D:4      | Reached XP level 7. HP: 41/57 MP: 5/13
  3364 | D:4      | Found a shimmering altar of Xom.
  3366 | D:4      | Found a shimmering altar of Xom.
  3701 | D:5      | Entered Level 5 of the Dungeon
  3726 | D:5      | Found a glowing drain.
  3847 | Sewer    | Entered a sewer
  4078 | Sewer    | Reached XP level 8. HP: 61/68 MP: 11/15
  4145 | Sewer    | Reached skill level 5 in Spellcasting
  4697 | D:5      | Reached skill level 1 in Evocations
  5102 | D:5      | Found a sacrificial altar of Ru.
  5113 | D:5      | Found a hazy altar of Hepliaklqana.
  5489 | D:6      | Found Aduvicse's Book Shoppe.
  5544 | D:6      | Found Jerphixush's Jewellery Emporium.
  5650 | D:6      | Found Emizik's Distillery.
  5664 | D:6      | Bought a potion of degeneration for 11 gold pieces
  5705 | D:6      | Found a sparkling altar of Nemelex Xobeh.
  6079 | D:6      | Found Qigeeddo's Food Shoppe.
  6447 | D:7      | Reached skill level 5 in Evocations
  6447 | D:7      | Gained mutation: You passively map the area around you. [Deep Dwarf growth]
  6447 | D:7      | Reached XP level 9. HP: 68/74 MP: 18/19
  7058 | D:8      | Noticed a two-headed ogre
  7289 | D:8      | Hit by a stone thrown by an orc warrior

Skill      XL: |  1  2  3  4  5  6  7  8  9 |
---------------+----------------------------+-----
Spellcasting   | 2 3 4 6 8 |  8.5
Armour         | 1 2 3 |  3.1
Necromancy     | 5 6 7 8 |  8.4
Fighting       | 1 2 |  2.6
Evocations     | 5 |  5.0
Dodging        | |  2.1
Stealth        | |  2.4

Action                   |  1- 3 |  4- 6 |  7- 9 || total
-------------------------+-------+-------+-------++-------
Melee: Dagger            |     9 |    24 |   190 ||   223
Throw: Javelin           |       |     3 |     9 ||    12
       Tomahawk          |       |       |     5 ||     5
 Cast: Pain              |    68 |   101 |   191 ||   360
       Vampiric Draining |       |    19 |    50 ||    69
Invok: Call Merchant     |       |       |     1 ||     1
Evoke: Wand              |       |       |     5 ||     5
  Use: Scroll            |       |       |    11 ||    11
 Stab: Sleeping          |     3 |       |       ||     3
       Distracted        |       |       |     1 ||     1
  Eat: Meat ration       |       |     1 |       ||     1
       Royal jelly       |       |     1 |       ||     1
       Bread ration      |       |     1 |     3 ||     4
       Fruit             |       |       |     3 ||     3
Armor: Robe              |     1 |       |       ||     1
       Ring mail         |     9 |    16 |    24 ||    49
       Scale mail        |       |       |    65 ||    65
Dodge: Dodged            |    32 |    48 |   138 ||   218
